 Dungeon Crawl Stone Soup version 0.27-a0-955-gb57c80000f (webtiles) character file.

Game seed: 10637461191883984771

414 Essalna the Insei (level 6, 0/52 HPs)
             Began as a Draconian Transmuter on Apr 12, 2021.
             Slain by a sky beast (5 damage)
             ... on level 4 of the Dungeon.
             The game lasted 00:07:39 (4041 turns).

Essalna the Insei (Draconian Transmuter)            Turns: 4041, Time: 00:07:40

Health: 0/52       AC:  6    Str: 12    XL:     6   Next: 60%
Magic:  9/9        EV: 12    Int: 13    God:
Gold:   314        SH:  0    Dex: 14    Spells: 5/9 levels left

rFire    . . .     SeeInvis .     - Unarmed
rCold    . . .     Faith    .   (no shield)
rNeg     . . .     Spirit   .   (armour unavailable)
rPois    .         Reflect  .   (helmet restricted)
rElec    .         Harm     .   (no cloak)
rCorr    .         Rampage  .   (no gloves)
Will     .....                  (no boots)
Stlth    +.........             (no amulet)
HPRegen  0.17/turn              (no ring)
MPRegen  0.11/turn              (no ring)

@: no status effects
A: AC +6, unfitting armour, cold-blooded
a: no special abilities


You were on level 4 of the Dungeon.
You visited 1 branch of the dungeon, and saw 4 of its levels.

You collected 314 gold pieces.

Inventory:

Wands
 l - a wand of mindburst (10)
Scrolls
 a - 2 scrolls of teleportation {unknown}
 b - 2 scrolls of magic mapping {unknown}
 c - a scroll of noise {unknown}
 f - 3 scrolls of identify {unknown}
 n - a scroll of brand weapon {unknown}
Potions
 d - a potion of degeneration {unknown}
 e - a potion of cancellation {unknown}
 g - a potion of haste {unknown}
 h - a potion of attraction {unknown}
 i - 2 potions of brilliance {unknown}
 j - a potion of invisibility {unknown}
 k - a potion of mutation {unknown}
 m - a potion of curing {unknown}


   Skills:
 + Level 4.0 Fighting
 - Level 2.0 Dodging
 + Level 4.6 Unarmed Combat
 - Level 2.0 Spellcasting
 + Level 4.0 Transmutations
 + Level 2.3 Poison Magic


You had 5 spell levels left.
You knew the following spells:

 Your Spells              Type           Power      Damage    Failure   Level
a - Beastly Appendage     Tmut           22%        N/A       4%          1
b - Spider Form           Tmut/Pois      4%         N/A       21%         3

Your spell library contained the following spells:

 Spells                   Type           Power      Damage    Failure   Level
 Wereblood                Tmut           11%        N/A       8%          2
 Magic Dart               Conj           4%         1d3       26%         1
 Searing Ray              Conj           2%         3d3       36%         2
 Dazzling Flash           Conj/Hex       2%         N/A       58%         3
 Ice Form                 Ice/Tmut       6%         N/A       73%         4
 Hydra Form               Tmut           5%         N/A       80%         5
 Fulminant Prism          Conj/Hex       0%         3d6       94%         4
 Iskenderun's Mystic Bla  Conj/Tloc      1%         2d3       94%         4


Dungeon Overview and Level Annotations

Branches:
Dungeon (4/15)
 Temple: D:4-7

Altars:

Shops:
D:1 !


Innate Abilities, Weirdness & Mutations

Your plain brown scales are hard. (AC +6)
You cannot fit into any form of body armour.
You are cold-blooded and may be slowed by cold attacks.


Message History

The sky beast barely misses you.
You closely miss the sky beast. You claw the sky beast.
The sky beast is lightly wounded.
The sky beast hits you. The sky beast shocks you.
You hit the sky beast.
The sky beast is lightly wounded.
The sky beast flickers out of sight!
Deactivating autopickup; reactivate with Ctrl-A.
Something hits you but does no damage.
No target in view!
No target in view!
No target in view!
You completely miss something. Something barely misses you.
You miss something. Your kick misses something.
Something hits you but does no damage.
You hit something. Something hits you but does no damage.
You miss something. Your kick misses something. Your headbutt misses something.
Something hits you. Something shocks you.
You closely miss something.
Your tail-slap misses something.
Your transformation is almost over.
Something hits you. Something shocks you.
You hit something. Your headbutt misses something. You hit something.
Your kick misses something. Something hits you. Something shocks you.
You barely miss something. Something barely misses you.
You hit something. Something hits you. Something shocks you.
* * * LOW HITPOINT WARNING * * *
You miss something. Your headbutt misses something. You tail-slap something.
Something hits you.
* * * LOW HITPOINT WARNING * * *
Something shocks you.
* * * LOW HITPOINT WARNING * * *
You closely miss something. You claw something. You headbutt something.
Your tail-slap misses something.
Your horns disappear.
Your talons disappear.
Something hits you but does no damage.
You miss something. Something hits you.
* * * LOW HITPOINT WARNING * * *
Something shocks you.
You die...

###.########.# #...# #.#
#.##########>#
#.##......##.##
#.##.##...#...# ########
#.#..#........# #......#
#....#........# #......#
##...##...#...# #.......
#...........@###### #.......
#...#####....#....# #.......
#.... #.#'##....# #.......
#..#.. #.#.##....####.......
#...... #.#.....>............
###.###.#.#################.#
#.. #.^ ########## ##
#........# #


There were no monsters in sight!

Vanquished Creatures
  Sigmund (D:4)
  A scorpion (D:4)
  A hound (D:3)
  Jessica (D:2)
  An iguana (D:3)
  4 adders
  3 worms
  A dart slug (D:3)
  An orc (D:4)
  4 bats
  9 endoplasms
  4 giant cockroaches
  8 goblins
  5 hobgoblins
  3 jackals
  3 quokkas
  5 ball pythons
  6 frilled lizards
  6 kobolds
  7 rats
74 creatures vanquished.

Notes
Turn   | Place    | Note
-------+----------+-------------------------------------------
     0 | D:1      | Essalna the Draconian Transmuter began the quest for the
                  | Orb.
     0 | D:1      | Reached XP level 1. HP: 16/16 MP: 3/3
   504 | D:1      | Found Soenn's Distillery.
   556 | D:1      | Reached XP level 2. HP: 19/23 MP: 3/5
  1475 | D:2      | Found a faded altar of an unknown god.
  1525 | D:2      | You fall into a shaft and drop 1 floor!
  1536 | D:3      | Reached XP level 3. HP: 25/29 MP: 4/6
  1996 | D:2      | Reached XP level 4. HP: 25/37 MP: 7/7
  2127 | D:2      | Noticed Jessica
  2135 | D:2      | Killed Jessica
  2160 | D:2      | Learned a level 3 spell: Spider Form
  2609 | D:3      | Reached XP level 5. HP: 45/45 MP: 6/8
  2646 | D:3      | Reached skill level 1 in Poison Magic
  3258 | D:4      | Noticed Sigmund
  3274 | D:4      | Killed Sigmund
  3275 | D:4      | Reached XP level 6. HP: 20/52 MP: 9/9
  3932 | D:4      | Identified the +2 leather armour of the Endless Expanse
                  | {Regen+}
  4018 | D:4      | Noticed a sky beast
  4041 | D:4      | Slain by a sky beast

Illustrated notes

Levels and vault maps discovered:
D:1:      lightli_arrival_statuegarden, layout_loops_corners, serial_shops,
          shop_coins
D:2:      layout_basic, hellmonk_ecumenical_altar_pennies_from_heaven,
          minmay_indecisive_spiral, uniq_jessica
D:3:      layout_basic, minmay_increasing_density
D:4:      layout_basic, uniq_sigmund

Skill      XL: |  1  2  3  4  5  6 |
---------------+-------------------+-----
Dodging        | 2 |  2.0
Fighting       | 2 3 4 |  4.0
Transmutations | 3 4 |  4.0
Unarmed Combat | 4 |  4.6
Poison Magic   | 2 |  2.3
Spellcasting   | |  2.0

Action                   |  1- 3 |  4- 6 || total
-------------------------+-------+-------++-------
Melee: Unarmed           |    97 |   114 ||   211
       Kick              |    20 |    24 ||    44
       Headbutt          |    15 |    17 ||    32
       Tailslap          |    13 |    12 ||    25
       Punch             |       |     3 ||     3
 Cast: Beastly Appendage |    28 |    25 ||    53
 Stab: Sleeping          |       |     1 ||     1
Armor: Skin              |    29 |    30 ||    59
Dodge: Dodged            |    48 |    57 ||   105

Table legend: (Time is in decaauts)
 A = Elapsed time spent in this place.
 B = Non-inter-level travel time spent in this place.
 C = Inter-level travel time spent in this place.
 D = Time resting spent in this place.
 E = Time spent auto-exploring this place.
 F = Levels seen in this place.
 G = Mean time per level.
                   A        B        C        D        E       F      G
               +--------+--------+--------+--------+--------+-----+--------+
         Total |   4035 |   3906 |    129 |    448 |   2945 |   4 | 1008.8 |
       Dungeon |   4035 |   3906 |    129 |    448 |   2945 |   4 | 1008.8 |
               +--------+--------+--------+--------+--------+-----+--------+

Top non-repeatable levels by time:
     D:3: 1465 daAuts
     D:1: 1383 daAuts
     D:2: 857 daAuts
     D:4: 327 daAuts
